 Dungeon Crawl Stone Soup version 0.29.1-15-g9cfb28693d (webtiles) character file.

Game seed: 13815500738083420090

1331 Sanktem7 the Chopper (level 8, -1/106 HPs)
             Began as a Minotaur Fighter on Mar 15, 2023.
             Was a Believer of Okawaru.
             Succumbed to a water moccasin's poison
             ... on level 5 of the Dungeon.
             The game lasted 00:08:39 (6002 turns).

Sanktem7 the Chopper (Minotaur Fighter)             Turns: 6002, Time: 00:08:40

Health: -1/106     AC:  9    Str: 23 (24) XL:     8   Next: 34%
Magic:  7/8        EV: 11    Int:  4 (5)  God:    Okawaru [**....]
Gold:   248        SH:  6    Dex:  7 (9)  Spells: 7/7 levels left

rFire   . . .      SeeInvis .   a - +0 war axe {axe}
rCold   . . .      Faith    .   c - +0 buckler
rNeg    . . .      Spirit   .   b - +0 scale mail
rPois   .          Reflect  .   (helmet restricted)
rElec   .          Harm     .   (no cloak)
rCorr   .          Rampage  .   (no gloves)
Will    .....                   (no boots)
Stlth   ..........              (no amulet)
HPRegen 0.27/turn               (no ring)
MPRegen 0.11/turn               (no ring)

@: berserking, lethally poisoned (-1 -> -14), heroic, very quick
A: horns 2, retaliatory headbutt
a: Renounce Religion, Heroism


You were on level 5 of the Dungeon.
You worshipped Okawaru.
Okawaru was pleased with you.
You visited 1 branch of the dungeon, and saw 5 of its levels.
You also visited: Sewer.

You collected 248 gold pieces.


Innate Abilities, Weirdness & Mutations

You have a pair of horns on your head.
You reflexively headbutt those who attack you in melee.


   Skills:
 + Level 6.4(11.4) Fighting
 * Level 7.8(12.8) Axes
 + Level 6.3(11.3) Armour
 + Level 6.3(11.3) Shields
 + Level 2.4 Invocations


You had 7 spell levels left.
You didn't know any spells.
Your spell library contained the following spells:

 Spells                   Type           Power      Damage    Failure   Level
 Ozocubu's Armour         Ice            0%         N/A       99%         3
 Passage of Golubria      Tloc           0%         N/A       100%        4
 Silence                  Hex/Air        0%         N/A       100%        5
 Ozocubu's Refrigeration  Ice            0%         4d7       100%        7
 Lehudib's Crystal Spear  Conj/Erth      0%         10d2      100%        8

Inventory:

Hand Weapons
 a - a +0 war axe (weapon) {axe}
 j - a +2 flail of protection {mace}
   (You took it off a gnoll on level 2 of the Dungeon)
Missiles
 h - 58 stones (quivered) {throwing}
 m - 15 poisoned darts {throwing}
 r - 3 boomerangs {throwing}
Armour
 b - a +0 scale mail (worn)
 c - a +0 buckler (worn)
Jewellery
 y - a +6 ring of intelligence
   (You found it on level 5 of the Dungeon)
Wands
 n - a wand of roots (7)
   (You found it on level 3 of the Dungeon)
 s - a wand of charming (7)
   (You found it on level 5 of the Dungeon)
Scrolls
 e - a scroll of torment {unknown}
 f - 4 scrolls of teleportation {unknown}
 g - 7 scrolls of identify {unknown}
 i - a scroll of amnesia {unknown}
 k - 2 scrolls of poison {unknown}
 p - a scroll of fear {unknown}
 q - a scroll of immolation {unknown}
 t - a scroll of blinking {!r}
 u - 2 scrolls of noise {unknown}
 v - a scroll of butterflies {unknown}
 w - a scroll of summoning {unknown}
Potions
 d - 5 potions of might

Dungeon Overview and Level Annotations

Branches:
Dungeon (5/15) Zot: 24352   Sewer (visited)
 Temple: D:4-7

Altars:
Okawaru
Qazlal
Ru
Yredelemnul
Zin
The Shining One

#.##.# #.....#.........#
#..#.###.....#.....##.##
#..#.........###...##.#
#......#########......##
#..#.#.#.. ...........
#..#.#.#.# ##.........
#..#.#.#.# #...#.#.###
#..#.#.#.#####.. #.#.###
#..##..@....... .......
#..##.†#...$... ...#.###
#..........##...........
#..##..#.#.# ...# #.###
#. #..#....# .. #.# # ..
...#.#.## # . ##.......
. #..... .. .. .##


There were no monsters in sight!


Message History

😮 HP[-8]
You take 8 damage, and now have 51/70 hp.
You closely miss the water moccasin.
Your headbutt misses the water moccasin.
You feel very sick. You block the water moccasin's attack.
The water moccasin bites you but does no damage. 😮 HP[-3]
You take 3 damage, and now have 48/70 hp.
You closely miss the water moccasin.
You feel very sick.
You block the water moccasin's attack. 😮 HP[-3]
You take 3 damage, and now have 45/70 hp.
You barely miss the water moccasin.
You feel very sick. The water moccasin closely misses you.
The water moccasin bites you!
* * * LOW HITPOINT WARNING * * *
You are more poisoned.
The water moccasin poisons you! 😨 HP[-10]
You take 10 damage, and now have 35/70 hp.
You barely miss the water moccasin.
Your headbutt misses the water moccasin.
You feel very sick. You block the water moccasin's attack.
The water moccasin bites you.
* * * LOW HITPOINT WARNING * * *
😨 HP[-9]
You take 9 damage, and now have 26/70 hp.
Unknown command.
Okay, then.
You gain the combat prowess of a mighty hero.
You feel very sick. The water moccasin bites you!
* * * LOW HITPOINT WARNING * * *
You are lethally poisoned!
The water moccasin poisons you! 😱 HP[-11] MP[-2]
You take 11 damage, and now have 15/70 hp.
You lost 2 mp, and now have 6/8 mp.
You hit the water moccasin but do no damage.
* * * LOW HITPOINT WARNING * * *
You feel very sick.
You block the water moccasin's attack. 😱 HP[-4]
You take 4 damage, and now have 11/70 hp.
You barely miss the water moccasin.
* * * LOW HITPOINT WARNING * * *
You feel very sick. The water moccasin bites you.
* * * LOW HITPOINT WARNING * * *
You are more poisoned.
The water moccasin poisons you! 😱 HP[-7]
You take 7 damage, and now have 4/70 hp.
It was a potion of curing.
You feel better. You block the water moccasin's attack.
The water moccasin barely misses you. 😱 HP[+6]
You regained 6 hp, and now have 10/70 hp.
You hit the water moccasin but do no damage.
Your headbutt misses the water moccasin.
The water moccasin bites you.
* * * LOW HITPOINT WARNING * * *
😱 HP[-5]
You take 5 damage, and now have 5/70 hp.
You feel better. The water moccasin bites you.
* * * LOW HITPOINT WARNING * * *
You are lethally poisoned!
The water moccasin poisons you! 😱 HP[+5]
You regained 5 hp, and now have 10/70 hp.
It was a potion of degeneration.
There was something very wrong with that liquid.
You feel weakened.
You feel dopey.
You feel clumsy.
* * * LOW HITPOINT WARNING * * *
You feel very sick. You block the water moccasin's attack.
The water moccasin bites you.
* * * LOW HITPOINT WARNING * * *
You are more poisoned.
The water moccasin poisons you! 😱 HP[-5]
You take 5 damage, and now have 5/70 hp.
It was a potion of berserk rage.
A red film seems to cover your vision as you go berserk!
You feel yourself moving faster!
You feel mighty!
* * * LOW HITPOINT WARNING * * *
You feel very sick.
The water moccasin barely misses you. 😱 HP[-2]
You now have 105 max hp (+35).
Unknown command.
You slice the water moccasin!!
You kill the water moccasin!
Okawaru accepts your kill.
* * * LOW HITPOINT WARNING * * *
You feel sick. 😱 HP[-2]
You now have 106 max hp (+1).
You take 2 damage, and now have 1/106 hp.
You die...

Skill      XL: |  1  2  3  4  5  6  7 |
---------------+----------------------+-----
Axes           | 3 4 5 6 7 |  7.8
Shields        | 4 5 6 |  6.3
Fighting       | 4 5 6 |  6.4
Armour         | 4 5 6 |  6.3
Invocations    | 2 |  2.4

Action                   |  1- 3 |  4- 6 |  7- 9 || total
-------------------------+-------+-------+-------++-------
Melee: War axe           |    66 |   169 |    94 ||   329
       Headbutt          |     8 |    23 |    12 ||    43
Throw: Stone             |       |     4 |       ||     4
Invok: Heroism           |       |       |     1 ||     1
  Use: Potion            |       |       |     4 ||     4
Armor: Scale mail        |    24 |    72 |    34 ||   130
Dodge: Dodged            |    27 |    88 |    31 ||   146
Block: Buckler           |    20 |    41 |    28 ||    89

Levels and vault maps discovered:
D:1:      grunt_arrival_lava_bath, layout_basic,
          shapermc_ecumenical_altar_starsandcircs
D:2:      layout_basic
D:3:      layout_basic, nicolae_ru_path_of_blood,
          nicolae_overflow_hallway_of_the_gods
D:4:      layout_loops_cross, cheibrodos_sewer_entry_sluice, uniq_pikel
D:5:      layout_basic

Notes
Turn   | Place    | Note
-------+----------+-------------------------------------------
     0 | D:1      | Sanktem7 the Minotaur Fighter began the quest for the Orb.
     0 | D:1      | Reached XP level 1. HP: 19/19 MP: 0/0
     0 | D:1      | magus.rc [v1.9.6]
   220 | D:1      | Reached XP level 2. HP: 22/27 MP: 1/1
   221 | D:1      | Reached skill level 3 in Axes
   285 | D:1      | You add the spells Ozocubu's Armour and Ozocubu's
                  | Refrigeration to your library.
   451 | D:1      | Found a faded altar of an unknown god.
   601 | D:1      | Reached skill level 4 in Shields
   808 | D:1      | Reached XP level 3. HP: 32/33 MP: 2/2
   809 | D:1      | Reached skill level 4 in Fighting
   938 | D:2      | Reached skill level 4 in Armour
  1243 | D:2      | Reached XP level 4. HP: 40/40 MP: 3/3
  1885 | D:2      | Reached skill level 4 in Axes
  2295 | D:3      | Reached XP level 5. HP: 31/47 MP: 4/4
  2505 | D:3      | You pick up a book of the Moon and begin reading...
  2505 | D:3      | You add the spells Passage of Golubria, Silence and
                  | Lehudib's Crystal Spear to your library.
  2512 | D:3      | Found a glowing silver altar of Zin.
  2523 | D:3      | Found an iron altar of Okawaru.
  2526 | D:3      | Found a basalt altar of Yredelemnul.
  2528 | D:3      | Found a stormy altar of Qazlal.
  2532 | D:3      | Became a worshipper of Warmaster Okawaru
  2539 | D:3      | Found a glowing golden altar of the Shining One.
  2761 | D:3      | Found a sacrificial altar of Ru.
  2992 | D:3      | Reached skill level 5 in Axes
  3305 | D:4      | Reached XP level 6. HP: 43/55 MP: 5/5
  3315 | D:4      | HP: 11/55 [gnoll bouda/+0 club (9)]
  3316 | D:4      | HP: 5/55 [gnoll/+0 halberd[a gnoll bouda] (6)]
  3328 | D:3      | HP: 5/55 [orc/+0 short sword (2)]
  3609 | D:3      | Reached skill level 5 in Fighting
  3765 | D:4      | Reached skill level 5 in Shields
  3778 | D:4      | Reached skill level 5 in Armour
  3871 | D:4      | Found a glowing drain.
  3887 | Sewer    | Entered a sewer
  4070 | Sewer    | Reached skill level 6 in Axes
  4339 | D:4      | Reached * piety under Okawaru
  4340 | D:4      | Reached XP level 7. HP: 59/61 MP: 6/6
  4997 | D:4      | Noticed Pikel
  5008 | D:4      | HP: 14/61 [Pikel/+0 whip of freezing (5)]
  5010 | D:4      | Killed Pikel
  5010 | D:4      | Reached ** piety under Okawaru
  5011 | D:4      | Reached skill level 6 in Fighting
  5011 | D:4      | Reached skill level 7 in Axes
  5011 | D:4      | Reached skill level 6 in Armour
  5011 | D:4      | Reached skill level 6 in Shields
  5011 | D:4      | Reached skill level 2 in Invocations
  5011 | D:4      | Reached XP level 8. HP: 15/70 MP: 6/8
  5431 | D:5      | Entered Level 5 of the Dungeon
  5993 | D:5      | HP: 15/70 [water moccasin (8)]
  5995 | D:5      | HP: 7/70 [poisoned by a water moccasin]
  6000 | D:5      | HP: 3/105 [poisoned by a water moccasin]
  6001 | D:5      | HP: 1/105 [poisoned by a water moccasin]
  6002 | D:5      | Succumbed to a water moccasin's poison

Vanquished Creatures
  Pikel (D:4)
  A water moccasin (D:5)
  A bullfrog (Sewer)
  A necrophage (D:4)
  A scorpion (D:5)
  A hound (D:5)
  A jelly (D:4)
  2 gnoll boudas
  An orc priest (D:3)
  3 iguanas
  An orc wizard (D:3)
  12 gnolls
  10 adders
  5 worms
  A dart slug (D:4)
  15 orcs
  9 ball pythons
  10 endoplasms
  7 giant cockroaches
  6 goblins
  7 hobgoblins
  5 jackals (D:3)
  9 quokkas
  3 bats
  8 frilled lizards
  7 kobolds
  9 rats
137 creatures vanquished.

Table legend:
 A = Non-vault XP
 B = Vault XP
 C = Vault XP percentage of total XP
 D = Non-vault monster count
 E = Vault monster count
 F = Vault count percentage of total count
                 A         B        C        D         E       F
            +---------+---------+-------+---------+---------+-------
      Total |    1132 |     770 |  40.5 |     112 |      25 |  18.2
            +---------+---------+-------+---------+---------+-------
        D:1 |      45 |       0 |   0.0 |      20 |       0 |   0.0
        D:2 |      81 |       0 |   0.0 |      20 |       0 |   0.0
        D:3 |     259 |       0 |   0.0 |      34 |       0 |   0.0
        D:4 |     402 |     641 |  61.5 |      28 |       5 |  15.2
        D:5 |     345 |       0 |   0.0 |      10 |       0 |   0.0
      Sewer |       0 |     129 | 100.0 |       0 |      20 | 100.0
            +---------+---------+-------+---------+---------+-------

Illustrated notes

Table legend:
 A = Kills in this place as a percentage of kills in entire the game.
 B = Kills by you in this place as a percentage of kills by you in the entire game.
 C = Kills by friends in this place as a percentage of kills by friends in the entire game.
 D = Other kills in this place as a percentage of other kills in the entire game.
 E = Experience gained in this place as a percentage of experience gained in the entire game.
 F = Experience gained in this place divided by the number of levels of this place that you have seen.
                   A       B       C       D       E      F
               +-------+-------+-------+-------+-------+----------------------
         Total | 100.0 | 100.0 |   N/A |   N/A | 100.0 | 317.0
       Dungeon |  85.4 |  85.4 |   N/A |   N/A |  93.2 | 354.6
         Sewer |  14.6 |  14.6 |   N/A |   N/A |   6.8 | 129.0
               +-------+-------+-------+-------+-------+----------------------

Table legend: (Time is in decaauts)
 A = Elapsed time spent in this place.
 B = Non-inter-level travel time spent in this place.
 C = Inter-level travel time spent in this place.
 D = Time resting spent in this place.
 E = Time spent auto-exploring this place.
 F = Levels seen in this place.
 G = Mean time per level.
                   A        B        C        D        E       F      G
               +--------+--------+--------+--------+--------+-----+--------+
         Total |   6180 |   6006 |    174 |    636 |   4334 |   6 | 1030.0 |
       Dungeon |   5647 |   5473 |    174 |    636 |   3958 |   5 | 1129.4 |
         Sewer |    532 |    532 |      0 |      0 |    375 |   1 |  532.0 |
               +--------+--------+--------+--------+--------+-----+--------+

Top non-repeatable levels by time:
     D:3: 1701 daAuts
     D:4: 1354 daAuts
     D:2: 1065 daAuts
     D:1: 949 daAuts
     D:5: 576 daAuts
   Sewer: 532 daAuts
